 Dungeon Crawl Stone Soup version 0.29-a0-830-gcb1280458a (webtiles) character file.

Game seed: 7889190366065305141

16 LynnLen the Sneak (level 2, -3/16 HPs)
             Began as a Vampire Enchanter on July 11, 2022.
             Slain by a gnoll
             ... wielding a +0 flail
              (5 damage)
             ... on level 1 of the Dungeon.
             The game lasted 00:03:01 (814 turns).

LynnLen the Sneak (Vampire Enchanter)                Turns: 814, Time: 00:03:02

Health: -3/16      AC:  2    Str:  7    XL:     2   Next: 41%
Magic:  5/5        EV: 12    Int: 17    God:
Gold:   20         SH:  0    Dex: 14    Spells: 5/5 levels left

rFire   . . .      SeeInvis +   a - +1 dagger
rCold   + + .      Faith    .   (no shield)
rNeg    + + +      Spirit   .   b - +0 robe
rPois   ∞          Reflect  .   (no helmet)
rElec   .          Harm     .   (no cloak)
rCorr   .          Rampage  .   (no gloves)
Will    .....                   (no boots)
Stlth   +++++.....              (no amulet)
HPRegen 0.00/turn               (no ring)
MPRegen 0.09/turn               (no ring)

@: bloodless, inhibited regen
A: bloodless, fangs 3, see invisible, vampiric 1
a: Revivify


You were on level 1 of the Dungeon.
You visited 1 branch of the dungeon, and saw 1 of its levels.

You collected 20 gold pieces.

Inventory:

Hand Weapons
 a - a +1 dagger (weapon)
Missiles
 e - 5 stones (quivered)
Armour
 b - a +0 robe (worn)
Scrolls
 d - a scroll of torment {unknown}
 f - a scroll of fear {unknown}
Potions
 c - 2 potions of invisibility
 g - a potion of magic {unknown}


   Skills:
 * Level 0.9 Fighting
 * Level 1.6 Short Blades
 + Level 2.3 Dodging
 + Level 5.0 Stealth
 - Level 2.0 Spellcasting
 - Level 4.4 Hexes


You had 5 spell levels left.
You didn't know any spells.
Your spell library contained the following spells:

 Spells                   Type           Power      Damage    Failure   Level
 Confusing Touch          Hex            16%        N/A       10%         3
 Tukima's Dance           Hex            16%        N/A       10%         3
 Ensorcelled Hibernation  Hex/Ice        18%        N/A       12%         2
 Dazzling Flash           Conj/Hex       18%        N/A       24%         3


Dungeon Overview and Level Annotations

Branches:
Dungeon (1/15)

Altars:


Innate Abilities, Weirdness & Mutations

You do not regenerate when monsters are visible.
You are frail without blood (-20% HP).
You can heal yourself when you bite living creatures.
You are immune to poison.
You have razor-sharp teeth.
You have supernaturally acute eyesight. (SInv)
You are afflicted with vampirism.


Message History

You now have 20 gold pieces (gained 5).
Found a ring mail.
A bat comes into view.
You see here a +0 ring mail.
A bat is nearby!
The helpless bat fails to defend itself.
You bite the bat, and draw its blood! You impale the bat!!
You kill the bat!
Your Stealth skill increases to level 5!
A bat comes into view.
The bat hits you. The bat hits you but does no damage.
A gnoll comes into view. It is wielding a +0 flail.
Found 4 gold pieces.
The bat hits you but does no damage. The bat misses you.
You hit the bat but do no damage. The bat completely misses you.
You hit the bat but do no damage. The bat barely misses you.
You closely miss the bat. The bat closely misses you. The bat hits you.
The gnoll shouts!
The bat hits you. The bat attacks as you move away! The bat hits you. x2
The bat barely misses you. The bat barely misses you.
The bat hits you but does no damage. The bat attacks as you move away!
The bat hits you. The bat misses you. The bat barely misses you.
You barely miss the bat. The bat completely misses you.
You hit the bat.
The bat is severely wounded.
The bat hits you but does no damage. The bat hits you.
You hit the bat.
You kill the bat!
The gnoll hits you with a +0 flail!
* * * LOW HITPOINT WARNING * * *
You see here a bat corpse.
You hit the gnoll.
The gnoll is lightly wounded.
You hit the gnoll.
The gnoll is moderately wounded.
The gnoll hits you with a +0 flail.
You die...

#.... ..# #... #. #..#
#..#.####.## ##... #..#
...#..# .....## ##.#
#.##.#### #.#... #.#
#.......## ..... #.#
#......#.
#####..####.######.......
........@g.............##
##################.....#
#.....# #.....# #.....#
#######


You could see a gnoll.

Vanquished Creatures
  2 ball pythons (D:1)
  2 bats (D:1)
  2 endoplasms (D:1)
  A giant cockroach (D:1)
  A goblin (D:1)
  A hobgoblin (D:1)
  3 kobolds (D:1)
  A quokka (D:1)
  A rat (D:1)
14 creatures vanquished.

Notes
Turn   | Place    | Note
-------+----------+-------------------------------------------
     0 | D:1      | LynnLen the Vampire Enchanter began the quest for the Orb.
     0 | D:1      | Reached XP level 1. HP: 13/13 MP: 3/3
   456 | D:1      | Reached XP level 2. HP: 6/16 MP: 5/5
   773 | D:1      | Reached skill level 5 in Stealth
   814 | D:1      | Slain by a gnoll

Illustrated notes

Levels and vault maps discovered:
D:1:      lightli_arrival_maybe_door_vault, layout_rooms

Skill      XL: |  1  2 |
---------------+-------+-----
Stealth        | 5 |  5.0
Fighting       | |  0.9
Short Blades   | |  1.6
Dodging        | |  2.3
Spellcasting   | |  2.0
Hexes          | |  4.4

Action                   || total
-------------------------++-------
Melee: Dagger            ||    47
       Bite              ||     2
 Abil: Exsanguinate      ||     1
 Stab: Sleeping          ||     7
Armor: Robe              ||    10
Dodge: Dodged            ||    26

Table legend: (Time is in decaauts)
 A = Elapsed time spent in this place.
 B = Non-inter-level travel time spent in this place.
 C = Inter-level travel time spent in this place.
 D = Time resting spent in this place.
 E = Time spent auto-exploring this place.
 F = Levels seen in this place.
 G = Mean time per level.
                   A        B        C        D        E       F      G
               +--------+--------+--------+--------+--------+-----+--------+
         Total |    810 |    810 |      0 |    474 |     38 |   1 |  810.0 |
       Dungeon |    810 |    810 |      0 |    474 |     38 |   1 |  810.0 |
               +--------+--------+--------+--------+--------+-----+--------+

Top non-repeatable levels by time:
     D:1: 810 daAuts
